[Event "Early-Titled-Tuesday-Blitz-June-18-2024"]
[Site "Chess.com"]
[Date "2024.06.18"]
[Round "3"]
[White "NikolaGry"]
[Black "Savagelittlemole"]
[Result "0-1"]
[WhiteElo "2693"]
[BlackElo "2504"]
[TimeControl "180+1"]
[EndTime "8:31:34 PDT"]
[Termination "Savagelittlemole won by checkmate"]

1. d4 Nf6 2. Bg5 c5 3. Bxf6 gxf6 4. c3 Qb6 5. Qd2 cxd4 6. cxd4 Nc6 7. e3 e5 8. d5 Bb4 9. Nc3 Ne7 10. Nge2 d6 11. a3 Bxc3 12. Nxc3 Bd7 13. Rc1 O-O 14. Be2 Kh8 15. O-O f5 16. Kh1 f6 17. Rc2 Rf7 18. Rfc1 Rg8 19. Bf1 Rfg7 20. Na2 Bb5 21. g3 Bxf1 22.
Rxf1 Qb5 23. Rd1 Qa4 24. Nc3 Qg4 25. Qe2 Qh3 26. Rg1 Rg6 27. Nb5 Rh6 28. Rg2 f4 29. exf4 Nxd5 30. Nxd6 Qxg2+ 31. Kxg2 Nxf4+ 32. Kf1 Nxe2 33. Nf7+ Kg7 34. Nxh6 Nxg3+ 35. hxg3 Kxh6 36. Rc7 Rg7 37. Rc4 Kg6 38. Ke2 Kf5 39. Ra4 a6 40. Kf3 h5 41. Rh4 Kg5 42. a4 Rd7 43. Rb4 f5 44. Rb6 e4+ 45. Kg2 h4 46. gxh4+ Kxh4 47. Rg6 f4 48. Kf1 f3 49. Ke1 Rc7 50. b3 Rc3 51. Re6 Rxb3 52. Rxe4+ Kg5 53. Re7 Kf4 54. Kd2 b5 55.
axb5 axb5 56. Rf7+ Ke4 57. Re7+ Kd4 58. Rd7+ Kc4 59. Rc7+ Kb4 60. Rf7 Ka3 61. Rf8 b4 62. Ra8+ Kb2 63. Rf8 Rc3 64. Rb8 b3 65. Rf8 Rc2+ 66.
Ke3 Kc1 67. Rb8 b2 68. Kxf3 b1=Q 69. Rxb1+ Kxb1 70. Ke4 Kb2 71. f4 Kb3 72. f5 Kc4 73. f6 Kc5 74. Ke5 Re2+ 75. Kf5 Kd6 76. Kg6 Ke6 77.
f7 Rg2+ 78. Kh6 Kxf7 79. Kh5 Kf6 80. Kh4 Rg1 81. Kh3 Rg8 82. Kh2 Kf5 83. Kh1 Kf4 84. Kh2 Kf3 85. Kh1 Kf2 86. Kh2 Rh8# 0-1

[Event "Early-Titled-Tuesday-Blitz-June-18-2024"]
[Site "Chess.com"]
[Date "2024.06.18"]
[Round "3"]
[White "mitrabhaa"]
[Black "Athanasios2"]
[Result "0-1"]
[WhiteElo "2962"]
[BlackElo "2756"]
[TimeControl "180+1"]
[EndTime "8:31:35 PDT"]
[Termination "Athanasios2 won on time"]

1. Nf3 Nf6 2. c3 d5 3. d4 g6 4. Bf4 Bg7 5. e3 O-O 6. Nbd2 b6 7. a4 a6 8. h3 Bb7 9. Bd3 Nbd7 10. O-O c5 11. Qe2 Ne4 12. Rfd1 Nxd2 13. Rxd2 e5 14.
dxe5 Qe7 15. e4 d4 16. cxd4 cxd4 17. Nxd4 Nxe5 18. Bxe5 Bxe5 19. Nf3 Bf4 20. Rc2 Rfd8 21.
Re1 Bd6 22. Rec1 Bf4 23. Re1 Bd6 24. b3 Bc5 25. Bc4 Kg7 26. Rcc1 Re8 27. Qb2+ Kg8 28.
Re2 Rad8 29. Rce1 Ba3 30. Qa1 Bb4 31. Rd1 a5 32. h4 h6 33. Rxd8 Rxd8 34. Qc1 Kg7 35.
Qb2+ Kh7 36. h5 g5 37. Qc2 g4 38. Nh2 Kg7 39. Nf1 Qg5 40. Ng3 Bc8 41. Bd5 Bd6 42. Qd3 Bxg3 43. Qxg3 Qxh5 44. Rc2 Qg5 45. Rc6 Bb7 46.
Qc3+ Kg8 47. Rxb6 Bxd5 48. exd5 Rxd5 49. Rb8+ Rd8 50. Rxd8+ Qxd8 51. Qc2 Qd5 52. g3 h5 53. Qb1 Qc5 54. Qd1 Kg7 55. Qd2 f6 56. Qd7+ Kg6 57.
Qb5 Qc3 58. Qb8 Kg7 59. Qb7+ Kg6 60. Kg2 Qd2 61. Qe4+ Kg7 62. Qc4 Qd7 63. Qc5 Qb7+ 64. Kg1 Qxb3 65. Qxa5 Qd1+ 66. Kh2 Qf3 67. Qa7+ Kg6 68.
Qe3 Qd5 69. Qa3 Qa5 70. Qa2 h4 71. gxh4 Kh5 72. Qc2 Kxh4 73. Qh7+ Kg5 74. Qg7+ Kf5 75. Qf7 Qe5+ 0-1

[Event "Early-Titled-Tuesday-Blitz-June-18-2024"]
[Site "Chess.com"]
[Date "2024.06.18"]
[Round "3"]
[White "jaskol95"]
[Black "GambitGiesbergen"]
[Result "1/2-1/2"]
[WhiteElo "2604"]
[BlackElo "2373"]
[TimeControl "180+1"]
[EndTime "8:31:38 PDT"]
[Termination "Game drawn by stalemate"]

1. e4 c5 2. Nf3 d6 3. Bb5+ Nd7 4.
a4 Nf6 5. Nc3 a6 6. Bc4 e6 7. d4 cxd4 8. Nxd4 Be7 9. Bxe6 fxe6 10. Nxe6 Qa5 11. Nxg7+ Kf7 12. Nf5 Ne5 13. Nxe7 Kxe7 14. O-O Rg8 15. f4 Neg4 16. Qd4 Nxh2 17. e5 Nxf1 18. Qxd6+ Ke8 19. exf6 Qd8 20. f7+ Kxf7 21.
Qxd8 Rxd8 22. Kxf1 Bf5 23. Be3 Bxc2 24. Kf2 Bd3 25. Rh1 Rd7 26. g4 Rg8 27. Kf3 Ke8 28. f5 Bc4 29. Kf4 Bd5 30. Rd1 Bc6 31. Re1 Re7 32. f6 Rf7 33. Kf5 Bd7+ 34. Ke5 Rxg4 35. Nd5 Kf8 36. Bh6+ Kg8 37. Ne7+ Kh8 38. Kd6 Rxf6+ 39.
Kxd7 Rxh6 40. Nf5 Rf6 41. Re5 Rg8 42. Ke7 Rfg6 43. Nd6 R8g7+ 44. Kd8 Rxd6+ 45. Kc8 Rf6 46. Kb8 Rf8+ 47. Ka7 b5+ 48. Kxa6 bxa4 49. Ka5 h6 50. Kxa4 Rf4+ 51. Kb3 Rg3+ 52. Ka2 Rf2 53. Rh5 Kg7 54. Rb5 Rgg2 55. Ka1 Rxb2 56. Rb7+ Kf6 57. Rf7+ Ke5 58. Rf5+ Ke4 59. Rf4+ Kd3 60. Rf3+ Ke2 61. Re3+ Kd1 62. Re1+ Kd2 63. Rd1+ Ke2 64. Re1+ Kf2 65. Rf1+ Kg3 66. Rf3+ Kh2 67. Rh3+ Kg1 68. Rh1+ Kf2 69. Kxb2 Rg6 70. Kc3 Kg2 71. Rh5 Kg3 72. Kd4 Kg4 73. Rh1 h5 74.
Ke4 Rf6 75. Rg1+ Kh4 76. Rh1+ Kg4 77. Ke3 h4 78. Rg1+ Kh3 79. Ke2 Kh2 80. Rg8 h3 81.
Rg7 Kh1 82. Ke1 h2 83. Ke2 Rf8 84. Ke1 Rf6 85. Ke2 Rf4 86. Rg6 Rf5 87. Rg4 Rf1 88. Kxf1 1/2-1/2

[Event "Early-Titled-Tuesday-Blitz-June-18-2024"]
[Site "Chess.com"]
[Date "2024.06.18"]
[Round "3"]
[White "PeshkaCh"]
[Black "karinachess1"]
[Result "0-1"]
[WhiteElo "2857"]
[BlackElo "2665"]
[TimeControl "180+1"]
[EndTime "8:31:39 PDT"]
[Termination "karinachess1 won by checkmate"]

1. Nf3 Nf6 2. d4 e6 3. c4 d5 4. Nc3 Bb4 5. Bg5 h6 6. Bxf6 Qxf6 7. Qa4+ Nc6 8. cxd5 exd5 9. e3 Be6 10. Be2 O-O 11.
O-O Bd6 12. Qc2 a6 13. Rad1 Ne7 14. e4 dxe4 15. Nxe4 Qf5 16. Bd3 Qd5 17. b3 Rac8 18.
Rfe1 Bb4 19. Bc4 Qf5 20. Re2 Nd5 21. Ne5 Rfd8 22. Nd3 Bf8 23. Ndc5 Nf4 24. Red2 Bxc4 25. bxc4 b6 26. Nb3 Bb4 27. Ng3 Qg5 28. d5 Bxd2 29. Qxd2 Re8 30. Nd4 Rcd8 31. h3 h5 32. Nf3 Qh6 33.
h4 Rd6 34. Nf5 Ne2+ 35. Kh2 Qxd2 36. Rxd2 Rdd8 37. g3 Nc3 38. N3d4 Ne4 39. Re2 Nd6 40. Ne7+ Kh8 41. Ndc6 Ra8 42. Re5 g6 43. Re2 Nxc4 44.
f4 Nd6 45. Rc2 b5 46. f5 Nxf5 47. Nxf5 gxf5 48. Nd4 Rac8 49. Nxf5 Re5 50. Nd6 Rf8 51. Rxc7 Rxd5 52. Nxf7+ Kg7 53. Ng5+ Kg6 54. Rc6+ Rf6 55. Rc2 Rfd6 56. Nf3 Kg7 57. Kg2 Rd7 58. Rc6 R7d6 59.
Rc7+ Rd7 60. Rc6 a5 61. Ra6 a4 62. Rb6 Rc5 63. Ng5 Rc2+ 64. Kf3 Rxa2 65. Rxb5 a3 66.
Ne6+ Kf7 67. Nf4 Ra1 68. Rxh5 a2 69. Rh7+ Ke8 70. Rh8+ Ke7 71. Rh7+ Kd6 72. Rh6+ Kc7 73. Ne6+ Kb8 74. Rh8+ Ka7 75. Nc5 Rf7+ 76. Kg4 Rb1 77. Rh6 a1=Q 78. Ra6+ Qxa6 79. Nxa6 Kxa6 80. Kg5 Rb5+ 81.
Kg6 Rf3 82. g4 Rh3 83. h5 Rg3 84. h6 Rxg4+ 85. Kh7 Rb7+ 86. Kh8 Rb8+ 87. Kh7 Rb6 88. Kh8 Rxh6# 0-1

[Event "Early-Titled-Tuesday-Blitz-June-18-2024"]
[Site "Chess.com"]
[Date "2024.06.18"]
[Round "3"]
[White "Polish_fighter3000"]
[Black "Andrei_Skvortsov"]
[Result "1/2-1/2"]
[WhiteElo "3072"]
[BlackElo "2787"]
[TimeControl "180+1"]
[EndTime "8:31:43 PDT"]
[Termination "Game drawn by repetition"]

1. e4 d5 2. exd5 Qxd5 3. Nc3 Qe5+ 4. Be2 Bg4 5. d4 Bxe2 6. Ncxe2 Qb5 7. a4 Qa6 8. Nf3 Nf6 9. b4 e6 10. b5 Qd6 11.
Ba3 Qd5 12. c4 Qf5 13. Ng3 Qf4 14. Bxf8 Kxf8 15. O-O h5 16. Ne2 Qf5 17. Re1 Nbd7 18. Ng3 Qf4 19. h4 Rh6 20. Ra3 Rg6 21. c5 Nd5 22.
Nxh5 Qh6 23. Ng3 Kg8 24. c6 bxc6 25. bxc6 Nf8 26. Ne5 Qxh4 27. Re4 Qh6 28. Nxg6 Nxg6 29. Rb3 Ngf4 30. Ne2 Ng6 31. Qc1 Qh5 32. Ng3 Qh7 33.
Nf1 Nh4 34. Rg4 Qh5 35. Rg5 Qh6 36. Rbg3 Kh8 37. Qd1 Kg8 38. Rxg7+ Qxg7 39. Rxg7+ Kxg7 40. Ne3 Ng6 41. Nxd5 exd5 42. Qf3 Rd8 43. Qc3 Rd6 44. Qc5 a6 45. a5 Ne7 46. g3 Kf6 47. Kg2 Rxc6 48.
Qb4 Rc4 49. Qb7 Rc6 50. g4 Ke6 51. Kg3 Kd7 52. f3 Rd6 53. Qb2 Nc6 54. Qd2 Re6 55. g5 Rg6 56. Kg4 Ne7 57. f4 f6 58. Qd3 fxg5 59. fxg5 Rd6 60. Kh5 Ke8 61. Qc3 Kd7 62. Qc2 Rc6 63. Qg2 Rd6 64. Qg4+ Kd8 65. Qf4 Kd7 66. Qf7 Rc6 67. Kg4 Rd6 68. Kf4 Kd8 69. Qf8+ Kd7 70. Qg7 Rg6 71. Qh7 Re6 72. Qh3 Kd6 73.
Qh2 Kd7 74. Kf3 Rd6 75. Kg4 Ng6 76. Qh7+ Ne7 77. Qc2 Rc6 78. Qa4 Kd8 79. Kh5 Re6 80.
Qb4 Kd7 81. Qb7 Rd6 82. Qa8 Re6 83. Qf8 Rd6 84. Kg4 Re6 85. Qf1 Re4+ 86. Kh5 Re6 87. Qh3 Kd6 88. Qg3+ Kd7 89. Qg4 Kd6 90. Qd1 Kd7 91.
Qa4+ Kd8 92. Qb4 Kd7 93. Qa4+ Kd8 1/2-1/2

[Event "Early-Titled-Tuesday-Blitz-June-18-2024"]
[Site "Chess.com"]
[Date "2024.06.18"]
[Round "3"]
[White "KuzubovYuriy"]
[Black "simplerXiao"]
[Result "1-0"]
[WhiteElo "2866"]
[BlackElo "2531"]
[TimeControl "180+1"]
[EndTime "8:31:43 PDT"]
[Termination "KuzubovYuriy won by resignation"]

1. d4 d5 2. c4 e6 3. Nc3 Nf6 4. cxd5 exd5 5. Bg5 Bb4 6. e3 c5 7. Bd3 Nbd7 8. Ne2 c4 9. Bc2 O-O 10. O-O Be7 11. Rc1 b5 12. Nxb5 Rb8 13. Nxa7 Rxb2 14. Nc6 Qe8 15. Nxe7+ Qxe7 16. Nc3 Qd6 17. Rb1 Qa3 18.
Rxb2 Qxb2 19. Qc1 Qb4 20. a3 Qa5 21. Qb2 h6 22. Bh4 Nh5 23. Qb4 Qxb4 24. axb4 g5 25. Bg3 Nxg3 26. hxg3 Bb7 27. Ra1 Ra8 28.
Rxa8+ Bxa8 29. f3 Kf8 30. e4 Nb6 31. Kf2 Ke7 32. exd5 Bxd5 33. Be4 Be6 34. g4 Kd6 35. Ke3 Bd7 36. g3 Bc8 37. d5 Ke5 38. f4+ gxf4+ 39. gxf4+ Kd6 40. Bf3 f5 41. g5 hxg5 42. Nb5+ Ke7 43.
fxg5 Bd7 44. Nc3 Kf7 45. Kf4 Kg6 46. Be2 Be8 47. Bd1 Bd7 48. Bc2 Nc8 49. Nd1 Ne7 50. Ne3 Kh5 51. Bd1+ Kg6 52. Bf3 c3 53. Bd1 Nc8 54.
Bc2 Nd6 55. Nd1 Nf7 56. Nxc3 Nxg5 57. b5 Kf6 58. b6 Nh3+ 59. Ke3 f4+ 60. Kd4 Bc8 61.
Ba4 f3 62. Bc6 f2 63. Ne4+ Ke7 64. Nd2 Nf4 65. Ke3 Ng6 66. b7 Bxb7 67. Bxb7 Kd6 68. Ne4+ Ke5 69. Nxf2 Ne7 70. Nd3+ Kd6 71. Nf4 Ke5 72. Ba8 Nf5+ 73. Kf3 Nd6 74. Nd3+ Kd4 75. Nf4 Ke5 76. Ne6 Nf5 77. Nc5 Ne7 78. Nd7+ Kd6 79.
Nb6 Kc5 80. Na4+ Kd6 81. Nc3 Ke5 82. Ke3 Nf5+ 83. Kd3 Nd6 84. Bc6 Nf7 85. Kc4 Nd6+ 86. Kc5 Ne8 87. Bxe8 Kf4 88. Bc6 Ke5 89. Nb5 1-0

[Event "Early-Titled-Tuesday-Blitz-June-18-2024"]
[Site "Chess.com"]
[Date "2024.06.18"]
[Round "3"]
[White "Aradhya2000"]
[Black "Sondremelaa"]
[Result "0-1"]
[WhiteElo "2820"]
[BlackElo "2616"]
[TimeControl "180+1"]
[EndTime "8:31:47 PDT"]
[Termination "Sondremelaa won by checkmate"]

1. d4 d5 2. Nf3 Nf6 3. Bf4 c5 4. e3 Nc6 5. Nbd2 cxd4 6. exd4 Bf5 7. c3 e6 8. Qb3 Qc8 9. Bb5 Be7 10. O-O O-O 11.
Rfe1 h6 12. Ne5 Nxe5 13. dxe5 Ne4 14. Nf3 a6 15. Bf1 Bh7 16. Nd4 b5 17. a4 Nc5 18.
Qd1 Nxa4 19. Qd2 Kh8 20. Re3 Nc5 21. Rh3 Ne4 22. Qe3 Bg5 23. f3 Bxf4 24. Qxf4 Ng5 25. Rg3 f5 26. Qh4 Qd8 27. f4 Ne4 28. Qxd8 Rfxd8 29. Nxe6 Nxg3 30. hxg3 Rdc8 31. Nd4 g6 32. Bd3 Bg8 33. g4 b4 34. cxb4 Rab8 35. Bxa6 Rf8 36. gxf5 Rxb4 37. Nc6 Rxf4 38. fxg6 Kg7 39. Bd3 Be6 40.
Ra7+ Kg8 41. Ne7+ Kh8 42. g7+ Kxg7 43. Nxd5+ R4f7 44. Rxf7+ Rxf7 45. Nf6 Rb7 46. Ne8+ Kf8 47. Nd6 Rxb2 48. Be4 Ke7 49. Kf1 Ra2 50. Nf5+ Bxf5 51.
Bxf5 Ra5 52. Kf2 Rxe5 53. Bg4 Kf6 54. Kg3 Kg5 55. Bf3 Ra5 56. Kh3 Ra3 57. Kg3 h5 58. Kh2 h4 59. Kh3 Rc3 60. Kh2 Rc7 61. Kh3 Rg7 62. Kh2 Kf4 63. Kh3 Rh7 64. Be2 Kg5 65. g3 hxg3+ 66. Kxg3 Re7 67. Bf3 Re3 68. Kf2 Kf4 69.
Bg2 Ra3 70. Bd5 Rd3 71. Bc4 Rd2+ 72. Ke1 Ke3 73. Kf1 Rc2 74. Bd5 Rd2 75. Bb7 Ra2 76.
Bc6 Rf2+ 77. Kg1 Rc2 78. Bb7 Kf4 79. Kf1 Ke3 80. Kg1 Rd2 81. Kf1 Rf2+ 82. Kg1 Ke2 83.
Ba6+ Kf3 84. Bb7+ Kg3 85. Ba6 Ra2 86. Bc4 Ra1+ 87. Bf1 Rb1 88. Kh1 Rxf1# 0-1

[Event "Early-Titled-Tuesday-Blitz-June-18-2024"]
[Site "Chess.com"]
[Date "2024.06.18"]
[Round "3"]
[White "CFalcons8"]
[Black "JiaHaoxiang"]
[Result "1/2-1/2"]
[WhiteElo "2461"]
[BlackElo "2644"]
[TimeControl "180+1"]
[EndTime "8:31:49 PDT"]
[Termination "Game drawn by repetition"]

1. d4 Nf6 2. Nf3 g6 3. g3 Bg7 4.
Bg2 O-O 5. O-O d6 6. c4 Nc6 7. b3 a6 8. Bb2 Bd7 9. d5 Na5 10. Nbd2 c5 11. e4 b5 12. e5 Ng4 13. Re1 bxc4 14. Nxc4 Nxc4 15. bxc4 Rb8 16. Bc3 Re8 17. Qd2 Nxe5 18. Nxe5 dxe5 19. Bxe5 Rb4 20. Bxg7 Kxg7 21. Qc3+ f6 22. a3 Ra4 23. Bf1 Kf7 24. Qd2 Qa5 25.
Qh6 Kg8 26. Re3 Bf5 27. Rae1 Qc7 28. Bg2 Rxc4 29. h4 Rd4 30. h5 g5 31. Rc1 c4 32. Rec3 Bd3 33. Bh3 g4 34. Bg2 Qe5 35. Rd1 Rd8 36. Rcc1 Bf5 37. Re1 Qd6 38. Qe3 Rd3 39.
Qxe7 Qxe7 40. Rxe7 c3 41. Rc7 Rc8 42. d6 Rxd6 43.
Rxc8+ Bxc8 44. Rxc3 Be6 45. Kh2 Kg7 46. Rc7+ Kh6 47.
Be4 f5 48. Bb7 Rd2 49. Kg2 Kg5 50. Rxh7 Rb2 51. Bc6 Rc2 52. Ba8 a5 53. Ra7 Kxh5 54. Rxa5 Kg5 55. Be4 Rc4 56. Bd5 Bxd5+ 57. Rxd5 Ra4 58.
Rd3 f4 59. Rd5+ Kf6 60. gxf4 Rxa3 61. Rg5 Ra4 62. Rxg4 Kf5 63. Kg3 Ra3+ 64. f3 Ra1 65. Rg5+ Kf6 66. Kf2 Ra3 67. Rc5 Rb3 68. Rd5 Ra3 69.
Ke2 Ke6 70. Rd3 Ra4 71. Ke3 Kf5 72. Rd5+ Ke6 73. Rd4 Ra1 74. Ke4 Re1+ 75. Kd3 Kf5 76. Re4 Rd1+ 77. Ke2 Rh1 78. Ke3 Re1+ 79. Kd4 Rf1 80. Kd3 Rxf3+ 81. Kd4 Rf1 82. Re3 Kxf4 83.
Rd3 Re1 84. Kd5 Re5+ 85. Kd4 Re4+ 86. Kd5 Re5+ 87. Kd4 Re4+ 88. Kd5 Re5+ 1/2-1/2

[Event "Early-Titled-Tuesday-Blitz-June-18-2024"]
[Site "Chess.com"]
[Date "2024.06.18"]
[Round "3"]
[White "Kacparov"]
[Black "LeninGuerra"]
[Result "0-1"]
[WhiteElo "2865"]
[BlackElo "2547"]
[TimeControl "180+1"]
[EndTime "8:31:50 PDT"]
[Termination "LeninGuerra won by checkmate"]

1. e4 c5 2. Nf3 e6 3. d4 cxd4 4. Nxd4 Nc6 5. Nc3 a6 6. Nxc6 bxc6 7. Bd3 e5 8. O-O Nf6 9. f4 d6 10. Kh1 Be7 11. Qf3 Bg4 12. Qf2 exf4 13. Bxf4 O-O 14. Rae1 Be6 15. Qd2 Ng4 16. Ne2 Bf6 17. b3 Be5 18. Bxe5 Nxe5 19. Nd4 Qe7 20. Nf3 Bg4 21. Nxe5 Qxe5 22. h3 Be6 23. Qf4 a5 24. a4 Rfd8 25. Kg1 Qxf4 26. Rxf4 f6 27. Kf2 Kf7 28. Ke3 Ke7 29. Kd4 Rab8 30. Kc3 Rb4 31. Rf2 Rdb8 32. h4 c5 33. Bb5 c4 34. bxc4 Bxc4 35. Bxc4 Rc8 36.
Kd3 Rbxc4 37. Rb1 Rc3+ 38. Ke2 Rxc2+ 39. Ke1 Rc1+ 40. Rxc1 Rxc1+ 41. Kd2 Rc4 42. Kd3 Rxa4 43. Rb2 Ra3+ 44. Kd4 Ke6 45. Rb5 Rg3 46. Rxa5 Rxg2 47. h5 Rg1 48. Ra7 h6 49. Ke3 g5 50. Rh7 Rg3+ 51.
Kf2 Rg4 52. Kf3 Rh4 53. Rxh6 Ke5 54. Rh8 Rf4+ 55. Kg3 Kxe4 56. Rf8 Kf5 57. Rd8 Rg4+ 58. Kf3 Rh4 59. Rxd6 Rxh5 60. Rd5+ Kg6 61. Rd8 Rh3+ 62. Kg2 Ra3 63. Rd4 Kh5 64. Rc4 f5 65. Kf2 f4 66.
Rc8 Kg4 67. Rc2 Rb3 68. Kg2 Rd3 69. Kf2 Kh3 70. Rc5 Kh4 71. Ke2 Ra3 72. Kf2 g4 73. Rc2 g3+ 74. Kg1 Kh3 75. Rc1 Ra2 76. Kf1 Rh2 77.
Rc8 Rh1+ 78. Ke2 Kg2 79. Rf8 Rh4 80. Rf7 Kg1 81. Kf3 g2 82. Rg7 Rh3+ 83. Kxf4 Kf1 84. Ra7 g1=Q 85. Ra1+ Kg2 86. Ra2+ Kh1 87. Ra8 Qg3+ 88.
Kf5 Rh5+ 89. Kf6 Qe5+ 90. Kf7 Rh7+ 91. Kg6 Rg7+ 92. Kh6 Qg5# 0-1

[Event "Early-Titled-Tuesday-Blitz-June-18-2024"]
[Site "Chess.com"]
[Date "2024.06.18"]
[Round "3"]
[White "luckyswitchback"]
[Black "rockstar0902"]
[Result "1-0"]
[WhiteElo "2841"]
[BlackElo "2616"]
[TimeControl "180+1"]
[EndTime "8:31:51 PDT"]
[Termination "luckyswitchback won by checkmate"]

1. e4 e6 2. d4 d5 3. Nd2 c5 4. Ngf3 Nc6 5. exd5 exd5 6. Bb5 cxd4 7. O-O Bd6 8. Nxd4 Ne7 9. N2f3 O-O 10. h3 Bd7 11. c3 Ng6 12. Bd3 Nf4 13. Bxf4 Bxf4 14. Re1 Qf6 15.
Bf1 Rad8 16. Qb3 Bc8 17. Rad1 Bb8 18. Nxc6 Qxc6 19. g3 Be6 20. Nd4 Qd7 21. h4 Bg4 22.
Be2 a6 23. Qc2 Ba7 24. Bxg4 Qxg4 25. Qf5 Qg6 26. Qxg6 hxg6 27. Kg2 Rfe8 28. Rxe8+ Rxe8 29. Kf3 Kf8 30. Ne2 Rd8 31. a4 a5 32. Nd4 Ke7 33.
Rd3 Bb6 34. Nb5 Ke6 35. Nd4+ Kf6 36. Ne2 Ke5 37. Nd4 Rd6 38. Re3+ Kf6 39. Rd3 Rd8 40. Rd2 Rc8 41. Nb5 Rd8 42. Ke2 Ke5 43. Kd3 Kf5 44.
Re2 Kg4 45. Re7 Bxf2 46. Rxf7 Bxg3 47. Rxg7 Kh5 48. Rh7+ Kg4 49. Rg7 Kh5 50. Rxb7 Bxh4 51. Nd4 Bf2 52. Rh7+ Kg4 53. Rg7 Rd6 54. Nb5 Rf6 55. Nc7 Rd6 56. b4 axb4 57. cxb4 g5 58. a5 d4 59. a6 Rc6 60. a7 Rc3+ 61. Ke4 Re3+ 62. Kd5 Ra3 63. a8=Q Rxa8 64. Nxa8 d3 65. Ke4 d2 66. Rd7 Be1 67. Nb6 Kg3 68. Nc4 g4 69. Nxd2 Kh2 70. Nf1+ Kg1 71. Rf7 Bxb4 72. Ne3 g3 73.
Rg7 Be1 74. Kf3 Bf2 75. Ng2 Kf1 76. Rb7 Kg1 77. Rb1+ Kh2 78. Rd1 Bb6 79. Rd5 Bf2 80. Rh5+ Kg1 81. Rh7 Bb6 82. Kxg3 Bf2+ 83. Kf3 Bd4 84. Nf4 Bf2 85. Ne2+ Kf1 86. Rh1+ Bg1 87. Rxg1# 1-0

[Event "Early-Titled-Tuesday-Blitz-June-18-2024"]
[Site "Chess.com"]
[Date "2024.06.18"]
[Round "3"]
[White "Prizant_academy"]
[Black "IMRosen"]
[Result "1/2-1/2"]
[WhiteElo "2980"]
[BlackElo "2766"]
[TimeControl "180+1"]
[EndTime "8:31:55 PDT"]
[Termination "Game drawn by repetition"]

1. d4 d5 2. c4 e6 3. Nf3 Nf6 4. e3 a6 5. b3 b6 6. Bb2 Bb7 7. Bd3 Nbd7 8. O-O Bd6 9. Nbd2 O-O 10. Rc1 Qe7 11. Ne5 c5 12. Nxd7 Nxd7 13. cxd5 exd5 14. dxc5 bxc5 15. Nf3 h6 16. Bb1 Rfe8 17. Qd3 Nf8 18. Rfd1 Rad8 19. Qf5 Ng6 20. Qg4 Bc8 21. Qh5 d4 22.
exd4 Nf4 23. Qh4 Qxh4 24. Nxh4 Ne2+ 25. Kf1 Nxc1 26. Rxc1 cxd4 27. Nf3 Bf4 28. Rd1 Bg4 29. Bd3 Bxf3 30. gxf3 Rd6 31. h3 Red8 32. Re1 g6 33.
Re7 a5 34. Bc4 Rf6 35. Re4 Rfd6 36. Rxf4 d3 37. Rxf7 d2 38. Rg7+ Kf8 39. Be2 d1=Q+ 40. Bxd1 Rxd1+ 41. Kg2 R1d2 42. Bc3 Rxa2 43. Rxg6 Ra3 44.
Be5 Rxb3 45. Rxh6 a4 46. Rh8+ Ke7 47. Bf6+ Kxf6 48. Rxd8 Rb4 49. Ra8 Kg5 50. Kg3 Rc4 51. Ra5+ Kf6 52. f4 Rc3+ 53. Kg4 a3 54. Ra6+ Kg7 55. h4 Rc2 56. f3 a2 57. f5 Rg2+ 58.
Kf4 Rh2 59. Kg5 Rg2+ 60. Kf4 Rh2 61. f6+ Kg6 62. Ke5 Re2+ 63. Kf4 Rh2 64. Kg3 Re2 65. f4 Rb2 66. Kg4 Rg2+ 67. Kf3 Rh2 68. Kg3 Rb2 69. h5+ Kxh5 70. f7 Rb8 71. Rxa2 Rf8 72. Ra7 Kg6 73. Kg4 Kf6 74. Rb7 Kg6 75.
Rc7 Kf6 76. Rc5 Kg6 77. Rg5+ Kf6 78. Rf5+ Kg6 79. Rg5+ Kf6 80. Ra5 Kg6 81. Ra7 Kf6 82. Rb7 Kg6 83. Rc7 Kf6 84. Ra7 Kg6 85. Ra5 Rxf7 86.
Rg5+ Kh6 87. Rh5+ Kg6 88. f5+ Kf6 89. Rg5 Rc7 90. Rg6+ Kf7 91. Kg5 Rc1 92. Ra6 Rg1+ 93. Kf4 Rf1+ 94. Ke5 Re1+ 95. Kf4 Rf1+ 96. Kg5 Rg1+ 97.
Kf4 Rf1+ 1/2-1/2

[Event "Early-Titled-Tuesday-Blitz-June-18-2024"]
[Site "Chess.com"]
[Date "2024.06.18"]
[Round "3"]
[White "Austen48"]
[Black "Silent-Killer100"]
[Result "0-1"]
[WhiteElo "2282"]
[BlackElo "2566"]
[TimeControl "180+1"]
[EndTime "8:32:00 PDT"]
[Termination "Silent-Killer100 won on time"]

1. d4 b6 2. e4 Bb7 3. f3 g6 4. c4 Bg7 5. Nc3 e6 6. Be3 Ne7 7. Qd2 d6 8. Bd3 Nd7 9. Nge2 d5 10. cxd5 exd5 11. e5 c5 12. Nb5 O-O 13. f4 cxd4 14. Nexd4 Nc5 15. Bc2 Qd7 16. O-O Nc6 17. Nd6 Nxd4 18. Bxd4 Ne6 19. Nxb7 Qxb7 20. Bb3 Rfd8 21. Rac1 Bf8 22. Kh1 Bh6 23. g3 Rac8 24.
Ba4 Bf8 25. b4 Qa6 26. Bb3 Qb7 27. a3 Rc4 28. Bg1 Rxc1 29. Rxc1 d4+ 30. Qg2 Qd7 31. Rd1 a5 32. bxa5 bxa5 33. a4 Bc5 34. Rd3 Rb8 35.
Qd5 Qc7 36. h3 Rd8 37. Qe4 Qb6 38. Kh2 Qb4 39. Bxe6 fxe6 40. h4 Qb2+ 41. Kh3 Qb1 42. Bf2 Qf1+ 43. Kh2 Qxf2+ 44. Kh3 Qf1+ 45. Kh2 Rb8 46. Rd2 Rb1 47. Qa8+ Bf8 48. Qg2 Qxg2+ 49. Kxg2 Rb4 50. Kf3 Rxa4 51. Ke4 Rc4 52. Ra2 a4 53. Kd3 Rb4 54. Ke4 d3+ 55. Kxd3 Rb3+ 56. Ke4 Rxg3 57.
Rxa4 Rg4 58. Ra8 Rxh4 59. Ra7 Rg4 60. Ra8 Kf7 61. Kf3 h5 62. Ra7+ Be7 63. Rb7 Rg1 64. Ra7 Rb1 65. Rc7 Rb3+ 66. Kg2 h4 67. Kh2 Rd3 68.
Kg2 Rd4 69. Kf3 Rd3+ 70. Kg2 Rg3+ 71. Kh2 Rf3 72. Rc4 g5 73. fxg5 Bxg5 74. Kg2 Rg3+ 75. Kh2 Kg6 76. Rc6 Kf5 77. Rc8 Bf4 78. Kh1 Bxe5 79.
Rf8+ Ke4 80. Re8 Kd5 81. Rd8+ Bd6 82. Ra8 Rc3 83. Ra5+ Bc5 0-1

[Event "Early-Titled-Tuesday-Blitz-June-18-2024"]
[Site "Chess.com"]
[Date "2024.06.18"]
[Round "3"]
[White "LeRoidesChampions"]
[Black "Kirill_Klukin"]
[Result "1/2-1/2"]
[WhiteElo "2675"]
[BlackElo "2876"]
[TimeControl "180+1"]
[EndTime "8:32:20 PDT"]
[Termination "Game drawn by agreement"]

1. e4 c5 2. Nf3 Nc6 3. b4 d6 4. b5 Nd4 5. Bb2 e5 6. Bc4 Bg4 7. Nc3 Be7 8. Nd5 Nf6 9. Bxd4 cxd4 10. Nxf6+ Bxf6 11. h3 Bh5 12. d3 Rc8 13. g4 Bg6 14.
h4 Rxc4 15. dxc4 Bxe4 16. g5 Qa5+ 17. Kf1 Qc3 18. Rh3 Bxc2 19. Qc1 Bd8 20. Rg3 Qxc4+ 21. Kg1 d3 22. Ne1 O-O 23. Qd2 Ba5 24. Qxa5 d5 25.
Rc1 e4 26. Nxc2 Rc8 27. Kg2 g6 28. h5 d4 29. Qxa7 d2 30. Rd1 Qxc2 31. Qxb7 Rf8 32. Rxd2 Qxd2 33. Qxe4 Qb4 34. h6 Qd6 35. Rd3 Rd8 36.
f4 f6 37. Qb7 Rd7 38. Qc8+ Kf7 39. Qc4+ Ke7 40. Qc6 Qd5+ 41. Qxd5 Rxd5 42. b6 fxg5 43. b7 Rb5 44. Rxd4 Rxb7 45. fxg5 Ke6 46. Rf4 Ke5 47. Rf6 Rb2+ 48. Kg3 Rxa2 49. Rf7 Ra3+ 50. Kg4 Ra4+ 51. Kf3 Ra3+ 52. Kf2 Ra2+ 53. Ke3 Rg2 54. Rxh7 Rg3+ 55. Kf2 Rxg5 56. Kf3 Rh5 57. Kg4 Kf6 58.
Rh8 Rh1 59. Kg3 Kg5 60. h7 Kh6 61. Kg2 Rh5 62. Ra8 Kxh7 63. Ra1 Kh6 64. Kg1 Rb5 65.
Kh1 Kh5 66. Kg1 Rb4 67. Kh1 Rg4 68. Rb1 Rh4+ 69. Kg1 Rg4+ 70. Kh1 Kg5 71. Rb5+ Kh4 72. Rb1 Rd4 73. Ra1 Kg4 74. Rg1+ Kh5 75. Ra1 g5 76. Kg1 Kh4 77. Kh1 Rd2 78. Kg1 Rd3 79. Kh1 Rg3 80. Kh2 Rh3+ 81. Kg2 Rb3 82. Kh2 Rb2+ 83. Kh1 Kg3 84. Ra3+ Kg4 85. Ra1 Kf4 86. Ra4+ Kg3 87.
Ra3+ Kh4 88. Ra1 Rf2 89. Ra3 Kg4 90. Rb3 Rf4 91. Ra3 Rf3 92. Ra1 Kh3 93. Rb1 g4 94. Ra1 Kg3 95. Rg1+ Kf2 96. Rg2+ Kf1 97. Rg1+ Kf2 98.
Rg2+ Kf1 99. Rg1+ Ke2 100. Rxg4 Rf1+ 1/2-1/2

[Event "Early-Titled-Tuesday-Blitz-June-18-2024"]
[Site "Chess.com"]
[Date "2024.06.18"]
[Round "3"]
[White "CrimeFightingSpider07"]
[Black "Rurep26"]
[Result "1/2-1/2"]
[WhiteElo "2534"]
[BlackElo "2732"]
[TimeControl "180+1"]
[EndTime "8:32:46 PDT"]
[Termination "Game drawn by stalemate"]

1. d4 e6 2. e4 d5 3. exd5 exd5 4. Nf3 Nc6 5. Bd3 Bg4 6. c3 Bd6 7. Be3 Nge7 8. O-O Qd7 9. Nbd2 O-O-O 10. b4 Bf5 11.
Qc2 Bxd3 12. Qxd3 Qf5 13. Qxf5+ Nxf5 14. Rfe1 f6 15. Nf1 Rde8 16. Ng3 Bxg3 17. hxg3 Nd6 18. Bf4 Nb5 19. Bd2 Na3 20. Kf1 g5 21. Rxe8+ Rxe8 22.
Re1 Re4 23. Bc1 Nb5 24. Bb2 Rxe1+ 25. Nxe1 Kd7 26. Nd3 b6 27. Ke2 Ke6 28. g4 Nd6 29. Bc1 Ne4 30. Bd2 a5 31. f3 Nd6 32. Be3 Nb5 33. Kd2 axb4 34. Nxb4 Nxb4 35. cxb4 Na3 36.
Kc3 Nc4 37. Bc1 b5 38. Kd3 Nd6 39. Be3 h6 40. Bf2 c6 41. Bg3 Nc8 42. Bc7 f5 43. gxf5+ Kxf5 44. g4+ Kg6 45. Ke3 Ne7 46. Bd6 Ng8 47.
Be5 h5 48. gxh5+ Kxh5 49. Kf2 Kh4 50. Bg3+ Kh5 51. Be5 Ne7 52. Ke3 Nf5+ 53. Kf2 Kh4 54. Ke2 g4 55. fxg4 Kxg4 56. Kd3 Kf3 57. Bf6 Ne3 58.
Be5 Ng4 59. Bg7 Nf2+ 60. Kd2 Ke4 61. Kc3 Nd1+ 62. Kd2 Ne3 63. Kc3 Nd1+ 64. Kd2 Nf2 65. Ke2 Ng4 66. Kd2 Ne3 67. Kc3 Nf5 68. Be5 Nh4 69.
Bh8 Nf3 70. Bg7 Ng1 71. Kd2 Nh3 72. Kc3 Ke3 73. Bh6+ Ke2 74. Bg7 Nf2 75. Bh8 Ne4+ 76. Kc2 Ke3 77. Bg7 Ng3 78. Kc3 Ne2+ 79. Kc2 Nxd4+ 80. Kb2 Kd3 81. a4 bxa4 82. Ka3 Ne6 83.
Bh8 d4 84. Kxa4 Kc4 85. Ka3 d3 86. Kb2 Kxb4 87. Be5 Kc4 88. Kc1 Nc5 89. Kd2 Nb3+ 90. Ke3 Nc5 91. Bd6 Ne6 92. Be5 Nd8 93. Bh8 Nf7 94.
Bf6 Nd6 95. Bh8 Nf5+ 96. Kd2 Nd4 97. Ke3 c5 98. Bxd4 d2 99. Ke2 d1=Q+ 100. Kxd1 Kxd4 101. Kd2 c4 102. Kc2 c3 103. Kc1 Kd3 104. Kd1 c2+ 105. Kc1 Kc3 1/2-1/2